 Dungeon Crawl Stone Soup version 0.31-a0-654-gbe3e110b4e (webtiles) character file.

Game seed: 324039453599884452

21 Pooter the Chopper (level 2, -2/27 HPs)
             Began as a Minotaur Monk on Aug 29, 2023.
             Slain by an adder (4 damage)
             ... on level 2 of the Dungeon.
             The game lasted 00:03:20 (632 turns).

Pooter the Chopper (Minotaur Monk)                   Turns: 632, Time: 00:03:21

Health: -2/27      AC:  2    Str: 15    XL:     2   Next: 62%
Magic:  1/1        EV: 12    Int:  7    God:
Gold:   52         SH:  0    Dex: 12    Spells: 1/1 levels left

rFire   . . .        a - +0 hand axe
rCold   . . .        d - orb {light}
rNeg    . . .        b - +0 robe
rPois   .            (helmet restricted)
rElec   .            (no cloak)
rCorr   .            (no gloves)
SInv    .            (no boots)
Will    .....        (no amulet)
Stlth   +            (no ring)
HPRegen 0.24/turn    (no ring)
MPRegen 0.07/turn

%: no passive effects
@: confused, lethally poisoned (-2 -> -8), ambrosia-drunk, glowing
A: horns 2, retaliatory headbutt
a: no special abilities


You were on level 2 of the Dungeon.
You visited 1 branch of the dungeon, and saw 2 of its levels.

You collected 52 gold pieces.

Inventory:

Hand Weapons
 a - a +0 hand axe (weapon)
 g - a +2 dagger of holy wrath
   (You took it off a goblin on level 1 of the Dungeon)
Missiles
 h - 3 javelins (quivered)
 i - 2 poisoned darts
 Q - 23 stones
Armour
 b - a +0 robe (worn)
 d - an orb of light (worn)
Potions
 e - 2 potions of resistance {unknown}
 f - a potion of attraction {unknown}
 j - 2 potions of haste {unknown}


   Skills:
 + Level 4.0 Fighting
 * Level 4.5 Axes
 - Level 3.2 Dodging


You had one spell level left.
You didn't know any spells.
Your spell library contained the following spells:

 Spells                   Type           Power      Damage    Failure   Level
 Necrotise                Necr           0%         1d4       43%         1
 Vampiric Draining        Necr           0%         2d6       80%         3
 Agony                    Necr           0%         N/A       100%        5


Dungeon Overview and Level Annotations

Branches:
Dungeon (2/15) Zot: 11364

Altars:

Shops:
D:1 =


Innate Abilities, Weirdness & Mutations

You have a pair of horns on your head.
You reflexively headbutt those who attack you in melee.


Message History

The rat barely misses you. You furiously retaliate!
You headbutt the rat!
You kill the rat!
No target in view!
An adder comes into view.
The adder hisses angrily.
A bat comes into view.
The bat moves out of view.
Found a leather armour.
You hit the adder but do no damage.
A bat comes into view.
The adder misses you. You furiously retaliate!
You headbutt the adder. The adder barely misses you.
You hit the adder. The adder bites you.
You are poisoned.
The adder poisons you!
You hit the adder but do no damage. You headbutt the adder.
You feel sick. The adder bites you but does no damage.
You hit the adder.
You feel sick. The adder closely misses you. The adder bites you.
You hit the adder. Your headbutt misses the adder.
You feel sick. The adder bites you.
You are more poisoned.
The adder poisons you!
You barely miss the adder.
You feel sick. The adder bites you.
You are more poisoned.
The adder poisons you! The adder bites you.
* * * LOW HITPOINT WARNING * * *
You are more poisoned.
The adder poisons you!
You hit the adder.
* * * LOW HITPOINT WARNING * * *
You feel very sick. The adder bites you.
* * * LOW HITPOINT WARNING * * *
You are more poisoned.
The adder poisons you!
You closely miss the adder.
* * * LOW HITPOINT WARNING * * *
You feel very sick. The adder barely misses you.
You are confused.
You feel invigorated.
* * * LOW HITPOINT WARNING * * *
You feel very sick. The adder bites you but does no damage.
The adder misses you.
You barely miss the adder.
* * * LOW HITPOINT WARNING * * *
You feel very sick. The adder bites you.
You die...

..# ###.# .. ...#
. .. .... .. #.
..# ... #. +. ..#
..# #.. #.####$#
...#
##...#......#b...#
........#..@Sb...#
.######...###.#.[#
#..<.†..#
#.#.#...#
#.#.#.#.# #.#...#
.. #.##### ## #..
##


You could see an adder and 2 bats.

Vanquished Creatures
  A worm (D:2)
  An endoplasm (D:1)
  A giant cockroach (D:2)
  A goblin (D:1)
  3 hobgoblins (D:1)
  A kobold (D:1)
  2 ball pythons (D:1)
  4 bats (D:1)
  2 frilled lizards
  2 rats
18 creatures vanquished.

Notes
Turn   | Place    | Note
-------+----------+-------------------------------------------
     0 | D:1      | Pooter the Minotaur Monk began the quest for the Orb.
     0 | D:1      | Reached XP level 1. HP: 19/19 MP: 0/0
   139 | D:1      | Found Zompuiho's Jewellery Shoppe.
   203 | D:1      | Found a faded altar of an unknown god.
   259 | D:1      | Reached XP level 2. HP: 25/27 MP: 1/1
   632 | D:2      | Slain by an adder

Illustrated notes

Levels and vault maps discovered:
D:1:      saegor_arrival_simple_b, layout_basic, serial_shops,
          nicolae_lakefront_shop, dilly_ecumenical_altar_fadedgnrine
D:2:      layout_basic, basic_altar

Skill      XL: |  1  2 |
---------------+-------+-----
Axes           | 4 |  4.5
Fighting       | 4 |  4.0
Dodging        | |  3.2

Action                     || total
---------------------------++-------
  Melee: Hand axe          ||    33
         Headbutt          ||     8
    Use: Potion            ||     1
 Armour: Robe              ||     6
  Dodge: Dodged            ||    22

Table legend: (Time is in decaauts)
 A = Elapsed time spent in this place.
 B = Non-inter-level travel time spent in this place.
 C = Inter-level travel time spent in this place.
 D = Time resting spent in this place.
 E = Time spent auto-exploring this place.
 F = Levels seen in this place.
 G = Mean time per level.
                   A        B        C        D        E       F      G
               +--------+--------+--------+--------+--------+-----+--------+
         Total |    634 |    622 |     12 |      0 |    499 |   2 |  317.0 |
       Dungeon |    634 |    622 |     12 |      0 |    499 |   2 |  317.0 |
               +--------+--------+--------+--------+--------+-----+--------+

Top non-repeatable levels by time:
     D:1: 595 daAuts
     D:2: 39 daAuts
